 Dungeon Crawl Stone Soup version 0.23-b1-86-gba62f8e092 (webtiles) character file.

Game seed: 18182063396341103771

12688 Forgol the Basher (level 11, -5/99 HPs)
             Began as a Grey Draconian Berserker on Feb 8, 2019.
             Was a High Priest of Trog.
             Killed from afar by an electric eel (8 damage)
             ... with a bolt of electricity
             ... on level 2 of the Lair of Beasts.
             The game lasted 00:24:34 (12459 turns).

Forgol the Basher (Grey Draconian Berserker)       Turns: 12459, Time: 00:24:35

Health: -5/99      AC: 18    Str: 23    XL:     11   Next: 65%
Magic:  4/4        EV: 12    Int:  8    God:    Trog [*****.]
Gold:   706        SH: 17    Dex: 10    Spells: 10/10 levels left

rFire    . . .     SeeInvis .   w - +8 flail (antimagic)
rCold    . . .     Gourm    .   c - +1 large shield
rNeg     . . .     Faith    .   (armour unavailable)
rPois    .         Spirit   .   (helmet restricted)
rElec    .         Reflect  .   d - +1 cloak of Fyqasem {MR++}
rCorr    .         Harm     .   (no gloves)
MR       ++...                  q - +0 pair of boots (curse)
Stlth    +.........             (no amulet)
HPRegen  0.26/turn              O - +6 ring of slaying
MPRegen  0.09/turn              B - +3 ring of protection

@: no status effects
A: walk through water, unfitting armour, unbreathing, cold-blooded, AC +12
a: Berserk, Trog's Hand, Brothers in Arms, Renounce Religion


You were on level 2 of the Lair of Beasts.
You worshipped Trog.
Trog was extremely pleased with you.
You were not hungry.

You visited 2 branches of the dungeon, and saw 12 of its levels.

You collected 706 gold pieces.

Inventory:

Hand Weapons
 a - a +0 mace
 r - a +4 mace of draining
 w - a +8 antimagic flail (weapon)
 y - a +0 morningstar
Missiles
 A - 3 throwing nets
Armour
 c - a +1 large shield (worn)
 d - the +1 cloak of Fyqasem (worn) {MR++}
   (You found it on level 4 of the Dungeon)

   It affects your resistance to hostile enchantments.
 q - a cursed +0 pair of boots (worn)
Jewellery
 f - an uncursed ring of protection from fire
 v - an uncursed ring of flight
 x - an uncursed ring of protection from fire
 B - a +3 ring of protection (right hand)
 O - a +6 ring of slaying (left hand)
Wands
 g - a wand of clouds (6)
 j - a wand of iceblast (47)
 m - a wand of flame (20)
 z - a wand of disintegration (11)
 D - a wand of paralysis (5)
 F - a wand of random effects (17)
 H - a wand of digging (8)
Scrolls
 e - 6 scrolls of teleportation
 p - 2 scrolls of remove curse
 u - 2 scrolls of magic mapping
 C - a scroll of immolation {unknown}
 E - a scroll of torment {unknown}
 I - a scroll of fear {unknown}
 K - a scroll of fog
 L - a scroll of blinking {unknown}
 P - a scroll of enchant weapon
Potions
 h - a potion of cancellation
 i - 5 potions of might
 k - 3 potions of invisibility
 l - a potion of heal wounds
 n - 2 potions of curing
 o - 2 potions of lignification {unknown}
 s - 2 potions of flight {unknown}
 t - 7 potions of brilliance
 G - a potion of haste
 M - 2 potions of degeneration {unknown}
Miscellaneous
 J - a lamp of fire
 N - a fan of gales
Comestibles
 b - 25 rations


   Skills:
 + Level 9.8 Fighting
 * Level 12.0 Maces & Flails
 + Level 8.2 Dodging
 + Level 8.2 Shields
 + Level 2.6 Evocations


You had 10 spell levels left.
You didn't know any spells.
Your spell library was empty.

Dungeon Overview and Level Annotations

Branches:
Dungeon (10/15)            Temple (0/1) D:5            Lair (2/6) D:9
  Swamp: Lair:2-4    Shoals: Lair:2-4     Snake: Lair:2-4    Spider: Lair:2-4
    Orc: D:9-12

Altars:
Gozag
Jiyva

Annotations:
D:6 2 transporters
Lair:1 3 runed translucent doors, exclusion: 3 oklob plants, Xuel's ghost, journeyman MiFi


Innate Abilities, Weirdness & Mutations

You can walk through water.
Your dull iron-grey scales are very hard. (AC +12)
You cannot fit into any form of body armour.
You can survive without breathing.
You are cold-blooded and may be slowed by cold attacks.


Message History

The electric eel shoots out a bolt of lightning at you!
The bolt of electricity hits you!
* * * LOW HITPOINT WARNING * * *
The bolt of electricity hits you but does no damage.
The bolt of electricity hits the electric eel.
The electric eel completely resists.
You barely miss the electric eel.
Your tail-slap misses the electric eel.
The electric eel shoots out a bolt of lightning at you!
The bolt of electricity hits you!
* * * LOW HITPOINT WARNING * * *
The bolt of electricity hits you!
* * * LOW HITPOINT WARNING * * *
The bolt of electricity hits the electric eel.
The electric eel completely resists.
You closely miss the electric eel.
The electric eel shoots out a bolt of lightning at you!
The bolt of electricity hits you.
* * * LOW HITPOINT WARNING * * *
The bolt of electricity hits you!
You die...

...# ##........#......#
..## #..........(.....P#
...#
####....#..PPPPP...#
...#
#.##....#..P≈≈≈P..##
..####.##.......P≈≈≈P..#
.>..............P≈≈≈P..#
................P≈≈≈P..#
................P;≈≈P..#
.P........#P##..@PPPP..#
#PP..####P#####........#
###### ### #####.###.#
###


You could see an electric eel.

Vanquished Creatures
  3 hydras
  A wizard (D:10)
  Pikel (D:8)
  Joseph (D:7)
  A black mamba (Lair:1)
  A spiny frog (Lair:1)
  Psyche (D:9)
  4 komodo dragons
  A troll (D:9)
  A hippogriff (Lair:2)
  A spriggan (D:7)
  Grum (D:8)
  4 yaks (D:9)
  A basilisk (Lair:2)
  A hungry ghost (D:8)
  A vampire mosquito (D:10)
  2 water moccasins
  4 orc warriors
  6 porcupines
  3 ice beasts
  A black bear (D:9)
  6 ogres
  A necrophage (D:6)
  4 wolves
  3 centaurs
  4 crocodiles
  A big kobold (D:9)
  5 bullfrogs
  6 gnoll sergeants (D:9)
  6 scorpions
  A bullfrog zombie (D:7)
  4 crimson imps
  14 hounds
  3 jellies
  3 orc priests
  2 centaur skeletons
  4 orc wizards
  Crazy Yiuf (D:4)
  2 gnoll shamans (D:9)
  3 iguanas
  5 worker ants
  A hound zombie (D:6)
  A worker ant zombie (D:4)
  14 adders
  23 gnolls
  3 oozes
  An adder zombie (D:7)
  An adder skeleton (D:6)
  4 worms
  A dart slug (D:1)
  10 leopard geckos
  33 orcs
  10 giant cockroaches
  7 goblins
  7 hobgoblins
  4 jackals
  16 kobolds
  5 quokkas
  2 ball pythons
  7 bats
  5 frilled lizards
  2 quokka skeletons
  9 rats
284 creatures vanquished.

Vanquished Creatures (others)
  A plant (Lair:2)
1 creature vanquished.

Grand Total: 285 creatures vanquished

Notes
Turn   | Place    | Note
-------+----------+-------------------------------------------
     0 | D:1      | Forgol the Draconian Berserker began the quest for the Orb.
     0 | D:1      | Reached XP level 1. HP: 19/19 MP: 1/1
   242 | D:1      | Reached XP level 2. HP: 18/26 MP: 2/2
   636 | D:1      | Reached XP level 3. HP: 27/31 MP: 3/3
  1636 | D:2      | Reached ** piety under Trog
  1684 | D:2      | Reached skill level 4 in Maces & Flails
  1790 | D:2      | Reached XP level 4. HP: 40/40 MP: 4/4
  2473 | D:3      | Reached skill level 1 in Shields
  2479 | D:3      | Reached XP level 5. HP: 46/46 MP: 5/5
  3234 | D:4      | Noticed an ogre
  3242 | D:4      | Killed an ogre
  3242 | D:4      | Reached *** piety under Trog
  3242 | D:4      | Reached skill level 5 in Maces & Flails
  3242 | D:4      | Reached XP level 6. HP: 53/53 MP: 6/6
  3256 | D:4      | Got a slimy cloak
  3262 | D:4      | Identified the +1 cloak of Fyqasem {MR++} (You found it on
                  | level 4 of the Dungeon)
  3383 | D:4      | Found a runed translucent door.
  3498 | D:4      | Noticed Crazy Yiuf
  3503 | D:4      | Killed Crazy Yiuf
  3526 | D:4      | Reached skill level 5 in Fighting
  3526 | D:4      | Your scales start taking on a dull iron-grey colour.
  3526 | D:4      | Reached XP level 7. HP: 44/61 MP: 7/7
  3526 | D:4      | Gained mutation: You can survive without breathing. [Grey
                  | Draconian growth]
  3790 | D:4      | Reached skill level 6 in Maces & Flails
  4055 | D:5      | Entered Level 5 of the Dungeon
  4346 | D:5      | You fall through a shaft for 2 floors!
  4369 | D:7      | Reached XP level 8. HP: 70/70 MP: 8/8
  4384 | D:7      | Reached **** piety under Trog
  4455 | D:6      | Found a transporter.
  4466 | D:6      | Reached skill level 7 in Maces & Flails
  4637 | D:6      | Noticed a kobold demonologist
  4782 | D:5      | Found a staircase to the Ecumenical Temple.
  4913 | D:6      | Reached skill level 5 in Dodging
  5452 | D:6      | Reached ***** piety under Trog
  5561 | D:6      | Noticed a kobold demonologist
  5566 | D:6      | Found a transporter.
  5684 | D:6      | Reached skill level 8 in Maces & Flails
  5710 | D:6      | Reached XP level 9. HP: 40/78 MP: 9/9
  6468 | D:7      | Reached skill level 5 in Shields
  6567 | D:7      | Found an opulent altar of Gozag.
  6899 | D:7      | Noticed Joseph
  6923 | D:7      | Killed Joseph
  7471 | D:8      | Received a gift from Trog
  7471 | D:8      | Reached skill level 9 in Maces & Flails
  7510 | D:8      | Noticed Grum
  7531 | D:8      | Killed Grum
  7645 | D:8      | Noticed Pikel
  7664 | D:8      | Killed Pikel
  7783 | D:8      | Reached XP level 10. HP: 88/88 MP: 10/10
  7931 | D:9      | Noticed Psyche
  7942 | D:9      | Killed Psyche
  7997 | D:9      | Reached skill level 10 in Maces & Flails
  8182 | D:9      | Noticed a four-headed hydra
  8197 | D:9      | Killed a four-headed hydra
  8476 | D:9      | Found a staircase to the Lair.
  9167 | D:9      | Reached skill level 11 in Maces & Flails
  9385 | D:10     | Entered Level 10 of the Dungeon
  9469 | D:10     | Received a gift from Trog
  9524 | D:10     | Noticed a wizard
  9531 | D:10     | Killed a wizard
  9531 | D:10     | Reached XP level 11. HP: 96/97 MP: 3/11
  9589 | Lair:1   | Entered Level 1 of the Lair of Beasts
 10113 | Lair:1   | Noticed a seven-headed hydra
 10121 | Lair:1   | Killed a seven-headed hydra
 10121 | Lair:1   | Reached skill level 1 in Evocations
 10359 | Lair:1   | Found a runed translucent gate.
 10360 | Lair:1   | Found a runed translucent gate.
 10360 | Lair:1   | Found a runed translucent gate.
 10365 | Lair:1   | Noticed Xuel's ghost (journeyman MiFi)
 10367 | Lair:1   | Found a viscous altar of Jiyva.
 10875 | Lair:1   | Noticed an oklob plant
 10875 | Lair:1   | Noticed an oklob plant
 10876 | Lair:1   | Noticed an oklob plant
 11345 | Lair:2   | Noticed a seven-headed hydra
 11367 | Lair:2   | Killed a seven-headed hydra
 11834 | Lair:2   | Reached skill level 12 in Maces & Flails
 12459 | Lair:2   | HP: 3/99 [electric eel/bolt of electricity (5)]
 12459 | Lair:2   | Killed from afar by an electric eel

Skill      XL: |  1  2  3  4  5  6  7  8  9 10 11 |
---------------+----------------------------------+-----
Dodging        | 3 4 5 6 7 8 |  8.2
Maces & Flails | 4 5 6 8 9 11 12 | 12.0
Fighting       | 4 5 6 7 9 |  9.8
Shields        | 1 2 3 4 6 7 8 |  8.2
Evocations     | 2 |  2.6

Action                   |  1- 3 |  4- 6 |  7- 9 | 10-12 || total
-------------------------+-------+-------+-------+-------++-------
Melee: Mace              |   137 |   141 |   315 |   252 ||   845
       Tailslap          |    13 |    20 |    35 |    61 ||   129
       Flail             |       |       |       |   119 ||   119
Invok: Berserk           |       |     2 |     3 |     4 ||     9
  Use: Scroll            |       |    12 |     4 |     6 ||    22
       Potion            |       |       |       |     1 ||     1
 Stab: Sleeping          |     1 |       |       |       ||     1
  Eat: Chunk             |     3 |     8 |    17 |     9 ||    37
       Ration            |       |       |       |     3 ||     3
Armor: Skin              |    39 |    36 |    80 |   128 ||   283
Dodge: Dodged            |    66 |    41 |    82 |   124 ||   313
Block: Large shield      |    48 |   100 |   254 |   355 ||   757
